Map: Redshift LE

Players

lFrenChy - Winner!

  • Race: Zerg Zerg
  • League: Platinum
  • Spawn Location: 7:00

Test

  • Race: Terran Terran
  • League: Silver
  • Spawn Location: 11:00

VOD

Have the link to the VOD?

Description

Time

  • Played on: May 15, 2018, 7:13 p.m.
  • Length: 12:30
Show
View Real Time Build Order
Export as new Build Order

lFrenChy Zerg - Winner!

Build Orders: Hatch First 

Get SALT Encoding   

  12  0:03  Drone  
  13  0:12  Overlord  
  13  0:18  Drone  
  14  0:32  Drone x2  
  16  0:36  Drone  
  17  0:55  Hatchery  
  16  1:00  Drone  
  16  1:01  Drone  
  18  1:16  Extractor  
  18  1:17  Spawning Pool  
  16  1:19  Drone  
  16  1:21  Drone  
  18  2:04  Queen  
  18  2:08  Zergling x6  
  23  2:11  Queen  
  25  2:23  Metabolic Boost  
  25  2:25  Zergling x4  
  25  2:26  Zergling x2  
  28  2:31  Overlord  
  28  2:49  Queen  
  28  2:50  Overlord  
  30  3:05  Drone x6  
  36  3:16  Drone  
  36  3:18  Drone  
  38  3:22  Drone  
  38  3:25  Drone  
  38  3:26  Hatchery  
  39  3:31  Drone x2  
  41  3:43  Drone x2  
  38  4:32  Drone  
  38  4:33  Drone x6  
  38  4:37  Overlord x2  
  44  4:39  Lair  
  44  4:50  Extractor  
  44  4:51  Drone x4  
  44  4:52  Extractor  
  46  5:03  Spine Crawler  
  46  5:04  Drone x3  
  48  5:17  Overlord  
  48  5:19  Drone  
  48  5:20  Drone x5  
  54  5:22  Drone  
  55  5:31  Evolution Chamber  
  55  5:34  Evolution Chamber  
  53  5:35  Roach Warren  
  53  5:36  Drone x4  
  53  5:37  Drone  
  53  5:39  Drone  
  53  5:40  Drone  
  59  6:04  Extractor  
  59  6:06  Extractor  
  59  6:08  Hydralisk Den  
  56  6:12  Extractor  
  55  6:20  Glial Reconstitution  
  55  6:22  Zerg Ground Armor Level 1, Zerg Missile Weapons Level 1  
  55  6:34  Drone  
  55  6:35  Drone x8  
  55  6:37  Roach  
  55  6:38  Hydralisk x4  
  74  6:43  Overlord x4  
  74  6:48  Overlord  
  74  6:54  Pneumatized Carapace  
  74  6:55  Burrow  
  74  7:11  Overlord x3  
  74  7:13  Hydralisk x7  
  88  7:17  Zergling x12  
  88  7:19  Drone  
  88  7:20  Drone  
  88  7:22  Muscular Augments, Drone  
  97  7:24  Drone  
  97  7:25  Drone  
  97  7:29  Drone x2  
  101  7:42  Zergling x12  
  107  7:46  Drone  
  107  7:47  Baneling Nest, Drone  
  108  8:21  Overlord x2  
  108  8:22  Overlord x5  
  108  8:28  Infestation Pit  
  108  8:33  Grooved Spines  
  107  8:36  Overseer  
  107  8:43  Roach x5  
  107  8:44  Roach x7  
  107  8:45  Zerg Ground Armor Level 2, Zerg Missile Weapons Level 2  
  128  9:16  Baneling  
  126  9:18  Baneling x3  
  126  9:19  Baneling x14  
  126  9:20  Centrifical Hooks  
  126  9:22  Hydralisk  
  126  9:23  Hydralisk  
  130  9:24  Hydralisk x2  
  130  9:25  Roach  
  130  9:26  Roach x7  
  150  9:45  Zergling x2  
  150  9:46  Zergling x6  
  154  10:08  Roach x7  
  154  10:09  Roach  
  170  10:24  Roach x5  
  170  10:25  Roach, Overlord x3  
  182  10:38  Swarm Host  
  182  10:40  Hatchery  
  182  10:42  Infestor  
  184  10:43  Infestor x4  
  184  10:48  Hatchery  
  193  10:50  Hatchery  
  159  11:10  Roach  
  159  11:11  Roach x14  
  151  11:21  Roach x2  
  155  11:32  Infestor x3  
  155  11:44  Hydralisk x2  
  155  11:49  Roach x35  
Show
View Real Time Build Order
Export as new Build Order

Test Terran 

Build Orders:  

Get SALT Encoding   

  12  0:00  SCV  
  13  0:12  SCV  
  14  0:20  Supply Depot  
  14  0:24  SCV  
  14  0:28  Refinery  
  15  0:41  SCV  
  16  0:46  Barracks  
  16  0:54  SCV  
  17  1:18  SCV, Barracks  
  18  1:33  Supply Depot  
  18  1:34  Marine  
  19  1:45  Orbital Command  
  19  1:55  Reaper  
  20  2:09  Marine  
  21  2:17  Command Center  
  21  2:27  Marine x2  
  23  2:45  Marine x2  
  23  2:48  Factory  
  25  3:03  Marine  
  26  3:10  Refinery  
  26  3:11  SCV  
  27  3:21  Barracks Tech Lab  
  27  3:23  SCV, Barracks Reactor  
  28  3:33  Orbital Command  
  28  3:35  SCV  
  29  3:42  Factory Reactor  
  29  3:47  SCV  
  30  3:59  SCV  
  29  4:05  Marine x2  
  29  4:07  Marine  
  26  4:23  Marine x2  
  26  4:25  Marine  
  26  4:31  SCV  
  26  4:35  SCV  
  28  4:40  Hellion  
  28  4:41  Marine x2, Hellion  
  28  4:43  Marine, SCV  
  36  4:47  SCV  
  37  4:53  Factory  
  37  4:56  SCV  
  37  4:57  Starport  
  37  4:59  Marine x2  
  40  5:01  Marine, Hellion  
  40  5:03  Supply Depot  
  40  5:04  SCV  
  44  5:11  Hellion  
  46  5:15  Supply Depot  
  46  5:25  Marine x3, Engineering Bay  
  46  5:26  SCV  
  46  5:27  SCV, Armory  
  51  5:31  Refinery  
  51  5:38  SCV  
  51  5:40  SCV  
  51  5:41  Refinery  
  53  5:43  Marine, Hellion  
  53  5:44  Factory Reactor, Hellion  
  58  5:52  SCV, Starport Reactor  
  59  6:04  SCV  
  59  6:05  SCV  
  61  6:14  Terran Vehicle Weapons Level 1  
  61  6:16  SCV  
  62  6:20  Command Center  
  62  6:24  Supply Depot  
  62  6:29  Supply Depot  
  62  6:38  Terran Infantry Weapons Level 1, SCV, Medivac  
  62  6:39  Supply Depot x2  
  65  6:58  SCV  
  65  6:59  SCV  
  67  7:03  Hellbat x2  
  67  7:06  Hellbat  
  73  7:08  Medivac  
  73  7:10  SCV  
  73  7:11  SCV  
  77  7:22  SCV  
  78  7:23  Factory  
  78  7:29  Factory  
  78  7:45  Medivac  
  78  7:49  Orbital Command  
  80  8:00  Sensor Tower  
  80  8:12  Factory Reactor  
  80  8:13  Factory Reactor  
  80  8:14  Factory Tech Lab  
  80  8:15  Siege Tank, Factory Tech Lab  
  80  8:18  Hellion x2  
  87  8:39  Hellion x2  
  91  8:48  Siege Tank  
  90  9:00  Hellion  
  90  9:01  Hellion  
  93  9:07  Siege Tank  
  93  9:08  Siege Tank  
  99  9:19  Liberator  
  99  9:20  Hellion  
  99  9:22  Hellion x2  
  105  9:31  Command Center  
  108  9:39  Siege Tank  
  108  9:40  Siege Tank  
  108  9:41  Hellion  
  116  10:11  Armory  
  116  10:12  Engineering Bay  
  116  10:21  Supply Depot  
  116  10:25  SCV, Supply Depot  
  116  10:26  Orbital Command  
  117  10:35  Hellbat x4  
  130  10:42  SCV x2, Reaper  
  130  10:43  Hellbat  
  130  10:47  Refinery  
  130  10:56  Hellbat x4  
  88  11:04  Hellbat  
  66  11:14  Refinery  
  66  11:17  Siege Tank  
  66  11:18  Hellbat x2, Hellion  
  52  11:25  SCV, Hellbat  
  46  11:34  Marine  
  46  11:35  Marine x2  
  46  11:37  SCV  
  46  11:39  Siege Tank, Hellion, Hellbat  
  55  11:47  Siege Tank  
  56  11:49  SCV  
  56  11:50  Hellbat  
  59  12:00  Hellbat, Hellion  
Tags
 
Add a new tag
Caveats
  • Supply blocks, unpowered buildings, or Contaminate may cause inaccurate times.
  • Supply counts are checked every 10 seconds.